 Dungeon Crawl Stone Soup version 0.31-a0-1547-g618ab1f346 (webtiles) character file.

Game seed: 3843107195128566023

82 BMaster the Cudgeller (level 4, -14/34 HPs)
             Began as a Demonspawn Reaver on Jan 2, 2024.
             Demolished by Blork the orc
             ... wielding a +1 vampiric broad axe
              (16 damage)
             ... on level 4 of the Dungeon.
             The game lasted 00:29:15 (2228 turns).

BMaster the Cudgeller (Demonspawn Reaver)           Turns: 2228, Time: 00:29:17

Health: -14/34     AC:  3    Str: 12    XL:     4   Next: 21%
Magic:  7/7        EV: 11    Int: 14    God:
Gold:   166        SH:  0    Dex: 13    Spells: 6/7 levels left

rFire   + . .        a - +0 mace
rCold   + . .        (no shield)
rNeg    + . .        b - +0 leather armour
rPois   +            (helmet restricted)
rElec   +            (no cloak)
rCorr   +            (no gloves)
SInv    .            (no boots)
Will    +....        l - amulet of the acrobat
Stlth   +            n - ring of positive energy
HPRegen 0.25/turn    o - ring of willpower
MPRegen 0.10/turn

%: acrobat
@: resistant
A: horns 1, weakness stinger 1
a: no special abilities


You were on level 4 of the Dungeon.
You visited 1 branch of the dungeon, and saw 4 of its levels.

You collected 166 gold pieces.

Inventory:

Hand Weapons
 a - a +0 mace (weapon)
Missiles
 k - 5 stones (quivered)
Armour
 b - a +0 leather armour (worn)
Jewellery
 l - an amulet of the acrobat (around neck)
 n - a ring of positive energy (left hand)
 o - a ring of willpower (right hand)
Scrolls
 c - a scroll of amnesia {unknown}
 j - a scroll of enchant armour {unknown}
 p - a scroll of enchant weapon
Potions
 e - a potion of degeneration {unknown}
 f - a potion of heal wounds {unknown}
 h - a potion of lignification {unknown}
 i - a potion of resistance


   Skills:
 + Level 2.5 Fighting
 + Level 3.4 Maces & Flails
 + Level 0.6 Throwing
 + Level 1.2 Armour
 + Level 1.9 Dodging
 + Level 0.1 Stealth
 + Level 2.0 Spellcasting
 + Level 3.3 Conjurations


You had 6 spell levels left.
You knew the following spells:

 Your Spells              Type           Power      Damage    Failure   Level
a - Kiss of Death         Conj/Necr      24%        2d7       16%         1

Your spell library contained the following spells:

 Spells                   Type           Power      Damage    Failure   Level
 Momentum Strike          Conj/Tloc      12%        3d8       22%         2
 Hailstorm                Conj/Ice       6%         3d5       41%         3


Dungeon Overview and Level Annotations

Branches:
Dungeon (4/15)
 Temple: D:4-7

Altars:

Shops:
D:3 (   D:4 [

Annotations:
D:2 1 runed translucent door, Crazy Yiuf
D:4 Blork the orc


Innate Abilities, Weirdness & Mutations

You have a pair of small horns on your head.
You have a small tail.


Message History

Blork the orc zaps a wand.
You resist with almost no effort.
You hit Blork the orc.
Blork the orc is lightly wounded.
Blork the orc hits you with a +1 vampiric broad axe!
Blork the orc draws strength from your wounds!
Blork the orc hits you with a +1 vampiric broad axe.
As you read the scroll of identify, it crumbles to dust.
p - a scroll of enchant weapon Blork the orc screams, "I'll break your legs!"
Blork the orc casts a spell at you. The puff of frost hits you.
It was a potion of curing.
You feel better.
Blork the orc zaps a wand.
You resist with almost no effort.
Blork the orc hits you with a +1 vampiric broad axe.
You hit Blork the orc.
Your tail-slap misses Blork the orc.
Blork the orc is lightly wounded.
Blork the orc hits you with a +1 vampiric broad axe.
Blork the orc barely misses you.
You are too injured to fight recklessly!
You hit Blork the orc but do no damage. Your headbutt misses Blork the orc.
Blork the orc is lightly wounded.
Blork the orc zaps a wand.
You resist with almost no effort.
Blork the orc screams, "You are the ugliest creature I've ever seen!"
Blork the orc hits you with a +1 vampiric broad axe.
You hit Blork the orc but do no damage.
You headbutt Blork the orc, but do no damage.
Blork the orc is lightly wounded.
Blork the orc gestures at you while chanting.
The magic dart hits you!
* * * LOW HITPOINT WARNING * * *
Blork the orc zaps a wand.
You resist with almost no effort.
You feel better.
Blork the orc points at you and mumbles some strange words.
The puff of flame misses you.
It was a potion of resistance.
You feel protected.
Blork the orc hits you with a +1 vampiric broad axe!
* * * LOW HITPOINT WARNING * * *
Blork the orc hits you with a +1 vampiric broad axe!
You die...

.. .. ... .....
.#.## ...
##+##.###
#...#...##
+..@o.#..###
#...#..<...#
##+##.#........
..............#..
#.#.#.#.#.....#
......##.∩.#
....... .....
.......... .##...
#........# ## ...


You could see Blork the orc (fast).

Vanquished Creatures
  An orc priest (D:3)
  2 dart slugs
  2 ribbon worms (D:3)
  An orc (D:3)
  2 bats
  5 endoplasms
  2 giant cockroaches
  2 goblins
  8 hobgoblins
  A quokka (D:2)
  6 ball pythons
  A frilled lizard (D:3)
  A rat (D:2)
34 creatures vanquished.

Vanquished Creatures (collateral kills)
  2 orcs (D:3)
  A goblin (D:3)
3 creatures vanquished.

Grand Total: 37 creatures vanquished

Notes
Turn   | Place    | Note
-------+----------+-------------------------------------------
     0 | D:1      | BMaster the Demonspawn Reaver began the quest for the Orb.
     0 | D:1      | Reached XP level 1. HP: 16/16 MP: 3/3
   428 | D:1      | Discovered your monstrous ancestry.
   428 | D:1      | Gained mutation: You have a pair of small horns on your
                  | head. [demonic ancestry]
   428 | D:1      | Reached XP level 2. HP: 20/22 MP: 5/5
  1641 | D:2      | Found a runed translucent door.
  1642 | D:2      | Noticed Crazy Yiuf
  1673 | D:3      | Gained mutation: You have a small tail. [demonic ancestry]
  1673 | D:3      | Reached XP level 3. HP: 25/28 MP: 6/6
  1807 | D:3      | Reached skill level 1 in Armour
  1824 | D:3      | Reached XP level 4. HP: 14/34 MP: 7/7
  2069 | D:3      | Found Osaoclas's Weapon Boutique.
  2211 | D:4      | Noticed Blork the orc
  2211 | D:4      | Found Fuelaof's Armour Emporium.
  2228 | D:4      | Demolished by Blork the orc

Illustrated notes

Levels and vault maps discovered:
D:1:      elethiomel_arrival_maze, layout_basic, minmay_split_cup_large
D:2:      layout_basic, uniq_crazy_yiuf_cottage
D:3:      layout_rooms, serial_shops, nicolae_shop_bloodbath_and_beyond
D:4:      layout_cave_pools, serial_shops, shop, minmay_misc_feat_encased,
          minmay_misc_feat_doors, uniq_natasha, uniq_sigmund, uniq_blork_the_orc

Skill      XL: |  1  2  3 |
---------------+----------+-----
Maces & Flails | 3 |  3.4
Armour         | 1 |  1.2
Fighting       | |  2.5
Throwing       | |  0.6
Dodging        | |  1.9
Stealth        | |  0.1
Spellcasting   | |  2.0
Conjurations   | |  3.3

Action                     |  1- 3 |  4- 6 || total
---------------------------+-------+-------++-------
  Melee: Mace              |    90 |    27 ||   117
         Headbutt          |    13 |     8 ||    21
         Tailslap          |     3 |     3 ||     6
  Throw: Stone             |    22 |     7 ||    29
    Use: Scroll            |     2 |     1 ||     3
         Potion            |       |     3 ||     3
   Stab: Sleeping          |     1 |       ||     1
 Armour: Leather armour    |    48 |    21 ||    69
  Dodge: Dodged            |    50 |    23 ||    73

Table legend: (Time is in decaauts)
 A = Elapsed time spent in this place.
 B = Non-inter-level travel time spent in this place.
 C = Inter-level travel time spent in this place.
 D = Time resting spent in this place.
 E = Time spent auto-exploring this place.
 F = Levels seen in this place.
 G = Mean time per level.
                   A        B        C        D        E       F      G
               +--------+--------+--------+--------+--------+-----+--------+
         Total |   2257 |   2250 |      7 |      4 |    841 |   4 |  564.2 |
       Dungeon |   2257 |   2250 |      7 |      4 |    841 |   4 |  564.2 |
               +--------+--------+--------+--------+--------+-----+--------+

Top non-repeatable levels by time:
     D:1: 1159 daAuts
     D:3: 558 daAuts
     D:2: 520 daAuts
     D:4: 18 daAuts
